 Dungeon Crawl Stone Soup version 0.25-a0-496-g8c4878dea3 (webtiles) character file.

Game seed: 8730101507743314250, levelgen mode: deterministic

39581 eternalGM the Grappler (level 13, -2/119 HPs)
             Began as a Troll Monk on Feb 11, 2020.
             Was a Priest of Makhleb.
             Slain by a blink frog (15 damage)
             ... on level 6 of the Lair of Beasts on Feb 12, 2020.
             The game lasted 01:40:41 (18701 turns).

eternalGM the Grappler (Troll Monk)                Turns: 18701, Time: 01:40:42

Health: -2/119     AC:  9    Str: 22    XL:     13   Next: 70%
Magic:  0/20       EV: 15    Int:  6    God:    Makhleb [***...]
Gold:   1271       SH:  0    Dex: 16    Spells: 12/12 levels left

rFire    . . .     SeeInvis .     - Unarmed
rCold    + . .     Gourm    +   (no shield)
rNeg     + . .     Faith    .   n - +1 robe "Damiu" {rC+ rCorr} (curse)
rPois    .         Spirit   +   (helmet restricted)
rElec    .         Reflect  .   w - +1 cloak
rCorr    +         Harm     .   (gloves unavailable)
MR       +....                  (boots unavailable)
Stlth    +++.......             s - amulet of guardian spirit
HPRegen  0.69/turn              T - ring of positive energy
MPRegen  0.17/turn              r - ring of protection from magic

@: lethally poisoned (-2 -> -7)
A: large, unfitting armour, claws 3, fast metabolism 3, gourmand, regeneration
1, shaggy fur 1, tough skin 3
a: Minor Destruction, Lesser Servant of Makhleb, Renounce Religion


You were on level 6 of the Lair of Beasts.
You worshipped Makhleb.
Makhleb was most pleased with you.
You were full.

You visited 2 branches of the dungeon, and saw 17 of its levels.
You also visited: Ossuary.

You collected 1271 gold pieces.

Inventory:

Hand Weapons
 t - the +6 Majin-Bo {vamp, Archmagi MP+6 Int+6}
   (You found it on level 6 of the Lair of Beasts)

   It inflicts no extra harm, but heals its wielder when it wounds a living foe.
   It affects your intelligence (+6).
   It affects your magic capacity (+6).
Missiles
 b - 4 curare-tipped darts (quivered)
 l - 68 poisoned darts
 A - 4 silver boomerangs
 D - 8 javelins
 F - a throwing net
 Q - 3 boomerangs
Armour
 a - a +0 robe
 i - a +0 robe of magic resistance
 n - the cursed +1 robe "Damiu" (worn) {rC+ rCorr}
   (You found it on level 2 of the Lair of Beasts)

   It protects you from cold.
   It provides partial protection from all sources of acid and corrosion.
   If you remove this armour, your AC will decrease by 3 (9 -> 6).
   It has a curse placed upon it.
 w - a +1 cloak (worn)
 R - a +0 troll leather armour
Magical Staves
 Z - an uncursed staff of power {unknown}
Jewellery
 g - a +3 ring of intelligence
 r - a ring of protection from magic (right claw)
 s - an amulet of guardian spirit (around neck)
 I - an uncursed ring of protection from fire
 T - a ring of positive energy (left claw)
 Y - an uncursed ring of wizardry
Wands
 j - a wand of acid (15)
 v - a wand of iceblast (26)
 G - a wand of disintegration (10)
 J - a wand of flame (29)
 M - a wand of digging (17)
Scrolls
 e - 6 scrolls of teleportation
 f - 5 scrolls of identify
 h - 3 scrolls of fog {unknown}
 o - 4 scrolls of amnesia
 p - 8 scrolls of remove curse
 y - 4 scrolls of immolation {unknown}
 H - a scroll of enchant weapon {unknown}
 L - 4 scrolls of enchant armour
 N - 3 scrolls of magic mapping
 O - a scroll of fear
 U - a scroll of random uselessness {unknown}
 X - a scroll of vulnerability {unknown}
Potions
 c - 3 potions of brilliance
 d - 5 potions of heal wounds
 k - 11 potions of curing
 m - a potion of invisibility {unknown}
 q - 3 potions of lignification
 u - 3 potions of ambrosia
 x - 2 potions of haste {unknown}
 z - a potion of resistance
 C - 2 potions of agility {unknown}
 E - a potion of cancellation {unknown}
 K - a potion of might {unknown}
 P - 2 potions of magic {unknown}
 V - a potion of berserk rage {unknown}
Comestibles
 W - 40 rations


   Skills:
 + Level 5.6 Fighting
 + Level 3.4 Throwing
 + Level 2.7 Armour
 + Level 8.0 Dodging
 + Level 3.9 Stealth
 + Level 14.9 Unarmed Combat
 * Level 11.6 Invocations
 + Level 0.2 Evocations


You had 12 spell levels left.
You didn't know any spells.
Your spell library contained the following spells:

 Spells                   Type           Power        Failure   Level  Hunger
 Animate Skeleton         Necr           N/A          45%         1    ##.....
 Apportation              Tloc           #.....       45%         1    ##.....
 Beastly Appendage        Tmut           #.....       45%         1    ##.....
 Corona                   Hex            #......      45%         1    ##.....
 Pain                     Necr           #...         45%         1    ##.....
 Summon Butterflies       Summ           #.......     45%         1    ##.....
 Summon Small Mammal      Summ           #...         45%         1    ##.....
 Sticks to Snakes         Tmut           #.......     58%         2    ###....
 Call Canine Familiar     Summ           #.......     83%         3    ####...
 Ignite Poison            Fire/Tmut/Pois #.......     83%         3    ####...
 Spider Form              Tmut/Pois      #.........   83%         3    ####...
 Vampiric Draining        Necr           #.........   83%         3    ####...
 Animate Dead             Necr           N/A          99%         4    #####..
 Ice Form                 Ice/Tmut       #.......     99%         4    #####..
 Summon Ice Beast         Ice/Summ       #.......     99%         4    #####..
 Agony                    Necr           #.......     100%        5    ######.
 Blade Hands              Tmut           #.........   100%        5    ######.
 Fireball                 Conj/Fire      #.........   100%        5    ######.
 Summon Mana Viper        Hex/Summ       #.......     100%        5    ######.
 Starburst                Conj/Fire      #.........   100%        6    #######
 Ring of Flames           Chrm/Fire      #.........   100%        7    #######
 Summon Hydra             Summ           #.........   100%        7    #######
 Ignition                 Fire           #.........   100%        8    #######


Dungeon Overview and Level Annotations

Branches:
Dungeon (11/15)            Temple (0/1) D:5            Lair (6/6) D:10
 Shoals (0/4) Lair:3       Spider (0/4) Lair:3        Slime (0/5) Lair:5
    Orc (0/2) D:10        Ossuary (visited)

Altars:
Cheibriados
Dithmenos
Elyvilon
Fedhas
Gozag
Hepliaklqana
Kikubaaqudgha
Makhleb
Nemelex Xobeh
Okawaru
Ru
Vehumet
Wu Jian
Xom
Yredelemnul
Zin
Jiyva

Shops:
D:5 }   D:9 :

Annotations:
D:9 3 runed translucent doors, terminal's ghost, journeyman HOMo
Lair:1 2 transporters
Lair:6 2 transporters, Brozuf's ghost, journeyman DECj; Snorg


Innate Abilities, Weirdness & Mutations

You are too large for most types of armour.
You have claws for hands.
Your metabolism is lightning-fast.
You like to eat raw meat.
Your natural rate of healing is unusually fast.
You are covered in fur. (AC +1)
You have extremely tough skin. (AC +3)


Message History

You feel sick. The spiny frog closely misses you.
Your orange demon closely misses the spiny frog. x2
The blink frog misses you.
Unknown command.
You closely miss the blink frog.
You feel sick.
The blink frog blinks!
The spiny frog stings you!
* * * LOW HITPOINT WARNING * * *
You are lethally poisoned!
The spiny frog poisons you! The blink frog misses you.
Your orange demon closely misses the spiny frog.
Your orange demon hits the spiny frog!
The spiny frog looks weaker.
You feel better.
The blink frog blinks!
The spiny frog stings you but does no damage.
Your orange demon stings the spiny frog!
Your orange demon hits the spiny frog.
The spiny frog stings you!
* * * LOW HITPOINT WARNING * * *
You are poisoned.
The spiny frog poisons you! The blink frog hits you!
You die...

≈≈≈≈≈≈≈≈≈≈..###..§......#####....
≈≈≈≈≈≈P≈≈≈≈..###††.....###.......
≈≈≈≈≈≈≈≈≈≈≈.(###........#....####
≈PP≈≈≈≈≈≈≈≈≈P.#.........#.#### #
≈≈≈≈≈≈P≈≈≈≈≈..#.........#.#.
≈≈≈≈≈≈≈≈≈≈≈P...........#.##
≈≈≈≈≈≈≈≈.......F....P..#####
≈≈≈≈≈≈≈≈.P..4..............##
≈≈≈≈≈≈≈≈PF.F@F..............#
P≈≈#≈≈≈≈..§<......../.###..#
P≈#≈≈≈P.≈...........##.##..
##≈≈≈≈...........##..^#.#
###≈............##.#.###
#≈≈.............##.#[
≈≈≈#≈≈.≈...#...#....#$#..
≈P≈P≈P≈...######....#...#
≈≈≈≈P≈.≈.## ##...##.###


You could see a spiny frog, 3 blink frogs and a friendly orange demon.

Vanquished Creatures
  Rupert (Lair:4)
  3 hydras
  2 two-headed ogres
  A catoblepas (Lair:2)
  3 death yaks (Lair:5)
  Urug (Lair:4)
  Sonja (Lair:1)
  A fire crab (shapeshifter) (D:9)
  3 skeletal warriors (D:11)
  An unseen horror (D:10)
  An ugly thing (D:11)
  2 black mambas
  2 centaur zombies
  A merfolk siren (Lair:3)
  2 gargoyles
  15 spiny frogs
  6 komodo dragons
  A troll (D:10)
  A queen bee (Lair:3)
  A tyrant leech (Lair:6)
  Prince Ribbit (D:6)
  11 blink frogs
  4 dream sheep (Lair:6)
  Sigmund (D:4)
  6 hippogriffs
  2 redbacks (Lair:3)
  4 wyverns
  A wraith (Ossuary)
  Eustachio (D:6)
  6 vampire mosquitoes
  14 yaks
  3 hogs (D:7)
  A hungry ghost (D:10)
  A basilisk (Lair:1)
  9 water moccasins
  A soldier ant (D:11)
  6 porcupines
  2 sky beasts
  An orc warrior (D:7)
  A phantom (D:7)
  3 ice beasts
  A black bear (D:11)
  An eye of draining (D:8)
  6 ogres
  6 wolves
  3 centaurs
  14 crocodiles
  17 bullfrogs
  3 scorpions
  27 killer bees
  13 wights
  A howler monkey (D:9)
  An electric eel (Lair:6)
  2 crimson imps
  A quasit (D:8)
  5 orc priests
  6 hounds
  3 jellies
  A bullfrog zombie (D:11)
  2 centaur skeletons (D:11)
  4 orc wizards
  A bullfrog skeleton (D:9)
  2 iguanas
  13 worker ants
  2 hound skeletons
  2 mummies
  2 worker ant zombies
  10 adders
  5 gnolls
  A shadow imp (D:10)
  An adder zombie (D:2)
  An adder skeleton (D:4)
  A worm (D:2)
  3 dart slugs
  2 leopard geckos
  12 orcs
  7 giant cockroaches
  4 goblins
  7 hobgoblins
  26 jackals
  3 quokkas
  3 bats
  4 frilled lizards
  6 gnoll skeletons (Ossuary)
  A jackal skeleton (D:4)
  4 kobolds (D:1)
  7 kobold skeletons (Ossuary)
  12 orc skeletons (Ossuary)
  A quokka zombie (D:5)
  5 rats
  A fungus (Lair:4)
394 creatures vanquished.

Vanquished Creatures (collateral kills)
  2 hydras
  A skeletal warrior (D:11)
  A black mamba (Lair:3)
  Joseph (Lair:1)
  4 blink frogs (Lair:5)
  A hog (D:7)
  3 yaks
  A human (D:7)
  Menkaure (D:7)
  2 orc warriors
  A centaur (D:9)
  2 bullfrogs
  2 killer bees (D:7)
  A wight (D:8)
  2 bullfrog zombies
  An orc priest (D:6)
  An orc wizard (D:9)
  A worker ant (D:7)
  A killer bee zombie (D:9)
  2 gnolls (D:8)
  An orc (D:6)
  A quokka (D:8)
33 creatures vanquished.

Vanquished Creatures (others)
  A crimson imp (D:9)
  A bullfrog zombie (D:8)
  A quokka zombie (D:8)
  A fungus (Lair:6)
  26 plants
30 creatures vanquished.

Grand Total: 457 creatures vanquished

Notes
Turn   | Place    | Note
-------+----------+-------------------------------------------
     0 | D:1      | eternalGM the Troll Monk began the quest for the Orb.
     0 | D:1      | Reached XP level 1. HP: 22/22 MP: 0/0
    74 | D:1      | Reached XP level 2. HP: 29/29 MP: 1/1
   967 | D:2      | Reached XP level 3. HP: 33/36 MP: 2/2
  1368 | D:2      | Reached skill level 4 in Unarmed Combat
  1382 | D:2      | Reached XP level 4. HP: 44/44 MP: 3/3
  1487 | D:2      | Found a shadowy altar of Dithmenos.
  1670 | D:3      | Found a glowing silver altar of Zin.
  1707 | D:3      | Found a basalt altar of Yredelemnul.
  1797 | D:3      | Found a burning altar of Makhleb.
  1881 | D:3      | Reached XP level 5. HP: 52/52 MP: 4/4
  2140 | D:3      | Found a white marble altar of Elyvilon.
  2247 | D:4      | Found a sacrificial altar of Ru.
  2439 | D:4      | Reached skill level 5 in Unarmed Combat
  2479 | D:4      | Reached XP level 6. HP: 47/59 MP: 5/5
  2620 | D:4      | Reached skill level 1 in Throwing
  2675 | D:4      | Noticed Sigmund
  2712 | D:3      | Became a worshipper of Makhleb the Destroyer
  2712 | D:3      | Reached * piety under Makhleb
  2712 | D:3      | Reached ** piety under Makhleb
  2739 | D:4      | Killed Sigmund
  2739 | D:4      | Reached skill level 6 in Unarmed Combat
  2827 | D:4      | Reached XP level 7. HP: 67/67 MP: 6/6
  2896 | D:5      | Entered Level 5 of the Dungeon
  2897 | D:5      | Found a staircase to the Ecumenical Temple.
  3203 | D:5      | Found a hazy altar of Hepliaklqana.
  3321 | D:5      | Reached skill level 7 in Unarmed Combat
  3321 | D:5      | Reached skill level 1 in Invocations
  3350 | D:5      | Found a blossoming altar of Fedhas.
  3474 | D:5      | Found Zoxuin's Gadget Shoppe.
  3774 | D:6      | Noticed Prince Ribbit
  3786 | D:6      | Found a sand-covered staircase.
  3793 | Ossuary  | Entered an ossuary
  3793 | Ossuary  | Noticed a wraith
  3793 | Ossuary  | Noticed a wraith
  3793 | Ossuary  | Noticed a wraith
  3982 | Ossuary  | Noticed a wraith
  4040 | Ossuary  | Killed a wraith
  4040 | Ossuary  | Reached XP level 8. HP: 39/75 MP: 8/8
  4104 | D:6      | Killed Prince Ribbit
  4208 | D:6      | Found a sparkling altar of Nemelex Xobeh.
  4299 | D:6      | Reached *** piety under Makhleb
  4304 | D:6      | Reached skill level 8 in Unarmed Combat
  4559 | D:6      | Reached skill level 5 in Dodging
  4568 | D:6      | Reached XP level 9. HP: 75/83 MP: 8/10
  5052 | D:6      | Reached skill level 9 in Unarmed Combat
  5348 | D:7      | Found an ornate altar of the Wu Jian Council.
  5353 | D:7      | Found an iron altar of Okawaru.
  5463 | D:7      | Noticed Menkaure
  5468 | D:7      | Killed Menkaure
  5588 | D:7      | Found a burning altar of Makhleb.
  5604 | D:7      | Reached skill level 10 in Unarmed Combat
  5622 | D:7      | Noticed a smoke demon
  5630 | D:6      | Noticed Eustachio
  5641 | D:6      | Killed Eustachio
  5989 | D:7      | Reached XP level 10. HP: 91/92 MP: 12/12
  6391 | D:8      | Noticed a two-headed ogre
  6404 | D:8      | Killed a two-headed ogre
  6404 | D:8      | Reached skill level 5 in Invocations
  6458 | D:8      | Reached **** piety under Makhleb
  6469 | D:8      | Found a shimmering altar of Xom.
  6469 | D:8      | Found a shimmering altar of Xom.
  6471 | D:8      | Found a shimmering altar of Xom.
  6471 | D:8      | Found a shimmering altar of Xom.
  6473 | D:8      | Found a shimmering altar of Xom.
  6485 | D:8      | Found a shimmering altar of Xom.
  6485 | D:8      | Found a shimmering altar of Xom.
  6486 | D:8      | Found a shimmering altar of Xom.
  6649 | D:8      | Found an ancient bone altar of Kikubaaqudgha.
  6713 | D:8      | Found a radiant altar of Vehumet.
  6808 | D:9      | Found Qeymiabb's Book Shoppe.
  6808 | D:9      | Found a snail-covered altar of Cheibriados.
  6949 | D:9      | Reached skill level 11 in Unarmed Combat
  6970 | D:9      | Found an opulent altar of Gozag.
  7130 | D:10     | Entered Level 10 of the Dungeon
  7170 | D:9      | Noticed a gargoyle
  7180 | D:9      | Killed a gargoyle
  7293 | D:9      | Found a shimmering altar of Xom.
  7293 | D:9      | Noticed a salamander
  7298 | D:9      | Noticed a fire crab
  7298 | D:9      | a salamander changed into a fire crab
  7305 | D:9      | Killed a fire crab
  7784 | D:9      | Found a runed translucent gate.
  7784 | D:9      | Found a runed translucent gate.
  7788 | D:9      | Found a runed translucent gate.
  7788 | D:9      | Noticed terminal's ghost (journeyman HOMo)
  8159 | D:10     | Found a staircase to the Orcish Mines.
  8349 | D:10     | Reached XP level 11. HP: 99/101 MP: 14/14
  8410 | D:10     | Killed an unseen horror
  8495 | D:10     | Reached skill level 1 in Armour
  8848 | D:10     | Found a snail-covered altar of Cheibriados.
  8920 | D:10     | Found a staircase to the Lair.
  9099 | D:11     | Reached skill level 12 in Unarmed Combat
  9321 | D:11     | Noticed a skeletal warrior
  9322 | D:11     | Noticed a skeletal warrior
  9324 | D:11     | Noticed a skeletal warrior
  9341 | D:11     | Killed a skeletal warrior
  9345 | D:11     | Killed a skeletal warrior
  9354 | D:11     | Killed a skeletal warrior
  9528 | D:11     | Noticed a green ugly thing
  9535 | D:11     | Killed a green ugly thing
  9583 | D:11     | Noticed a two-headed ogre
  9592 | D:11     | Killed a two-headed ogre
  9850 | D:11     | Noticed a skeletal warrior
  9869 | D:11     | Killed a skeletal warrior
 10090 | Lair:1   | Entered Level 1 of the Lair of Beasts
 10157 | Lair:1   | Noticed Joseph
 10164 | Lair:1   | Noticed Sonja
 10174 | Lair:1   | Killed Sonja
 10174 | Lair:1   | Killed Joseph
 10465 | Lair:1   | Reached skill level 13 in Unarmed Combat
 10465 | Lair:1   | Reached XP level 12. HP: 108/109 MP: 17/17
 10893 | Lair:1   | Found a transporter.
 11163 | Lair:1   | Found a transporter.
 11779 | Lair:2   | Got a sheer robe
 11790 | Lair:2   | Identified the cursed +1 robe "Damiu" {rC+ rCorr} (You
                  | found it on level 2 of the Lair of Beasts)
 11834 | Lair:2   | Noticed an eight-headed hydra
 11853 | Lair:2   | Killed a ten-headed hydra
 12316 | Lair:2   | Noticed a catoblepas
 12327 | Lair:2   | Killed a catoblepas
 12637 | Lair:2   | You fall into a shaft and drop 2 floors!
 12673 | Lair:3   | Reached skill level 5 in Fighting
 12918 | Lair:3   | Noticed a seven-headed hydra
 12947 | Lair:3   | Killed a seven-headed hydra
 13075 | Lair:3   | Found a hole to the Spider Nest.
 13336 | Lair:3   | Reached skill level 10 in Invocations
 13533 | Lair:3   | Found a staircase to the Shoals.
 14969 | Lair:4   | Noticed Urug
 14999 | Lair:4   | Noticed Rupert
 15025 | Lair:4   | Killed Rupert
 15027 | Lair:4   | Reached skill level 14 in Unarmed Combat
 15148 | Lair:4   | Upgraded the game from 0.25-a0-489-g9ae84a01e3 to
                  | 0.25-a0-496-g8c4878dea3
 15323 | Lair:4   | Killed Urug
 15818 | Lair:5   | Reached XP level 13. HP: 84/118 MP: 12/19
 16477 | Lair:5   | Found a viscous altar of Jiyva.
 16477 | Lair:5   | Found a staircase to the Slime Pits.
 16894 | Lair:6   | Entered Level 6 of the Lair of Beasts
 16894 | Lair:6   | Found the +6 Majin-Bo {vamp, Archmagi MP+6 Int+6}
 17567 | Lair:6   | Noticed Snorg
 17663 | Lair:5   | HP: 5/119 [smoke demon][the player character] (3)]
 18417 | Lair:6   | Noticed Brozuf's ghost (journeyman DECj)
 18418 | Lair:6   | Found a transporter.
 18424 | Lair:6   | Found a transporter.
 18701 | Lair:6   | Slain by a blink frog

Levels and vault maps discovered:
D:1:      tarquinn_simple_flora_water_c, layout_basic, minmay_misc_feat_roman,
          minmay_misc_feat_encased
D:2:      layout_rooms, grunt_dithmenos_smoke_and_mirrors, first_ration
D:3:      layout_loops_ring, kennysheep_ying_yang,
          nicolae_overflow_hidden_temple, overflow_temple_1_default
D:4:      layout_cave_pools, nicolae_ru_path_of_blood, uniq_sigmund
D:5:      layout_basic, overflow_temple_1_default,
          minmay_temple_entry_mini_moons, serial_shops, shop, fedhas_altar_1
D:6:      layout_basic, overflow_temple_1_default, gup_ossuary_entry_pyramid,
          uniq_prince_ribbit1, uniq_eustachio
D:7:      layout_basic, minitemple, basic_altar, grunt_livestock, uniq_menkaure
D:8:      layout_rooms, fiery_altar_vehumet, kiku_gazebo_garden_becter,
          xom_shifter_show
D:9:      layout_stronghold, ebering_ghost_rock_garden, serial_shops, shop,
          hangedman_feature_mirror, minmay_ruined_shrine
D:10:     layout_gridville, david_lair_shrubbed, orc_0_dummy,
          cheibriados_altar_1
D:11:     layout_loops_ring
Lair:1:   gammafunk_cloud_chamber, layout_small_grid, serial_bayou_shore_a,
          serial_bayou_shore_b, uniq_joseph, uniq_sonja
Lair:2:   layout_layer_cave, grunt_megastairs_3
Lair:3:   layout_cave_pods, minmay_shoals_entry_lonely_mermaid,
          spider_nest_entry_webs, special_room [special_room_bee],
          infiniplex_staircase_pool_2, grunt_megastairs_5
Lair:4:   layout_regular_city, uniq_rupert, uniq_urug
Lair:5:   layout_cave_pods, dpeg_slime_entry_enclosed_altar
Lair:6:   minmay_lair_end_frog_pond, layout_big_grid,
          gammafunk_ghost_abyssal_escape, ldierk_geyser, uniq_snorg

Skill      XL: |  1  2  3  4  5  6  7  8  9 10 11 12 13 |
---------------+----------------------------------------+-----
Unarmed Combat | 4 5 6 7 8 10 11 13 14 | 14.9
Dodging        | 3 4 5 6 7 8 |  8.0
Throwing       | 1 2 3 |  3.4
Fighting       | 3 4 5 |  5.6
Invocations    | 1 3 4 6 8 10 11 | 11.6
Stealth        | 2 3 |  3.9
Armour         | 2 |  2.7
Evocations     | |  0.2

Action                   |  1- 3 |  4- 6 |  7- 9 | 10-12 | 13-15 || total
-------------------------+-------+-------+-------+-------+-------++-------
Melee: Unarmed           |    68 |   108 |   265 |   576 |   241 ||  1258
       Punch             |       |     2 |    16 |    42 |    20 ||    80
Throw: Javelin           |     8 |     2 |     8 |     1 |       ||    19
       Dart              |       |     8 |     7 |     7 |       ||    22
       Boomerang         |       |       |     4 |       |       ||     4
Invok: Minor Destruction |       |     2 |     1 |    78 |    27 ||   108
       Lesser Servant of |       |       |     6 |    20 |    11 ||    37
       Major Destruction |       |       |       |     5 |       ||     5
Evoke: Wand              |       |       |     1 |     3 |     3 ||     7
  Use: Scroll            |       |     2 |     6 |     4 |     3 ||    15
       Potion            |       |       |     2 |     3 |     2 ||     7
 Stab: Sleeping          |     3 |       |     3 |     3 |       ||     9
       Distracted        |       |       |     4 |     5 |       ||     9
  Eat: Chunk             |    16 |    15 |    30 |    68 |    27 ||   156
       Ration            |       |       |       |     5 |       ||     5
Armor: Robe              |    16 |    37 |    71 |    76 |    56 ||   256
       Troll leather arm |       |       |       |    52 |       ||    52
       Skin              |       |       |       |   113 |       ||   113
Dodge: Dodged            |    34 |    71 |   170 |   292 |   215 ||   782

Table legend:
 A = Non-vault XP
 B = Vault XP
 C = Vault XP percentage of total XP
 D = Non-vault monster count
 E = Vault monster count
 F = Vault count percentage of total count
                 A         B        C        D         E       F
            +---------+---------+-------+---------+---------+-------
      Total |   35926 |   20619 |  36.5 |     312 |     115 |  26.9
            +---------+---------+-------+---------+---------+-------
        D:1 |      34 |       0 |   0.0 |      16 |       0 |   0.0
        D:2 |     113 |       0 |   0.0 |      24 |       0 |   0.0
        D:3 |      84 |       0 |   0.0 |      17 |       0 |   0.0
        D:4 |     277 |     242 |  46.6 |      15 |       1 |   6.2
        D:5 |     513 |       0 |   0.0 |      13 |       0 |   0.0
        D:6 |    1490 |     441 |  22.8 |      23 |       3 |  11.5
        D:7 |    1731 |     840 |  32.7 |      39 |       6 |  13.3
        D:8 |    1856 |       0 |   0.0 |      20 |       0 |   0.0
        D:9 |    1084 |     992 |  47.8 |      14 |       6 |  30.0
       D:10 |    2776 |     361 |  11.5 |      24 |       1 |   4.0
       D:11 |    6817 |       0 |   0.0 |      28 |       0 |   0.0
     Lair:1 |    2945 |    1105 |  27.3 |      15 |       2 |  11.8
     Lair:2 |    2517 |     681 |  21.3 |       8 |       2 |  20.0
     Lair:3 |    2170 |    3669 |  62.8 |       8 |      31 |  79.5
     Lair:4 |    1562 |    3465 |  68.9 |       8 |       2 |  20.0
     Lair:5 |    7401 |    1135 |  13.3 |      28 |       6 |  17.6
     Lair:6 |    2556 |    7436 |  74.4 |      12 |      28 |  70.0
    Ossuary |       0 |     252 | 100.0 |       0 |      27 | 100.0
            +---------+---------+-------+---------+---------+-------
